 Dungeon Crawl Stone Soup version 0.19.5 (webtiles) character file.

11253 Azzok the Archer (level 11, -1/92 HPs)
             Began as a Minotaur Fighter on May 19, 2017.
             Was a High Priest of Okawaru.
             Slain by Josephine
             ... wielding a +0 dagger
              (3 damage)
             ... on level 11 of the Dungeon.
             The game lasted 00:19:58 (12665 turns).

Azzok the Archer (Minotaur Fighter)                Turns: 12665, Time: 00:19:59

Health: -1/92      AC: 17    Str: 24    XL:     11   Next: 46%
Magic:  10/10      EV:  6    Int:  5    God:    Okawaru [*****.]
Gold:   633        SH:  0    Dex: 10    Spells: 0 memorised, 10 levels left

rFire  . . .     SeeInvis .     L - +1 shortbow (freeze)
rCold  . . .     Gourm    .     F - +0 plate armour (curse)
rNeg   . . .     Faith    .     (shield currently unavailable)
rPois  +         Spirit   .     r - +2 hat
rElec  .         Reflect  .     t - +0 cloak
rCorr  .         Harm     .     P - +1 pair of gloves
MR     .....                    (no boots)
Stlth  ..........               (no amulet)
                                (no ring)
                                G - ring of poison resistance

@: slowed, drained, very slow
A: retaliatory headbutt, horns 2
a: Heroism, Finesse, Renounce Religion


You were on level 11 of the Dungeon.
You worshipped Okawaru.
Okawaru was extremely pleased with you.
You were not hungry.

You visited 1 branch of the dungeon, and saw 11 of its levels.

You collected 663 gold pieces.
You spent 30 gold pieces at shops.

Inventory:

Hand Weapons
 a - a +1 long sword of slicing
 b - a +0 falchion of flaming
 L - a +1 shortbow of freezing (weapon)
Missiles
 E - 189 arrows (quivered)
Armour
 c - a +0 shield
 r - a +2 hat (worn)
 t - a +0 cloak (worn)
 F - a cursed +0 plate armour (worn)
 P - a +1 pair of gloves (worn)
Jewellery
 G - a ring of poison resistance (left hand)
Wands
 d - a wand of hasting (4/9)
 o - a wand of digging (15/24)
 v - a wand of acid (4/15)
 x - a wand of iceblast (4/15)
Scrolls
 e - a scroll of fog
 j - a scroll of enchant weapon
 k - 4 scrolls of identify
 l - 3 scrolls of magic mapping
 m - 5 scrolls of noise {unknown}
 n - 3 scrolls of recharging {unknown}
 p - a scroll of fear {unknown}
 s - 3 scrolls of teleportation {unknown}
 A - 3 scrolls of blinking {unknown}
 B - 2 scrolls of remove curse
 C - a scroll of vulnerability {unknown}
 D - 2 scrolls of immolation
 I - a scroll of amnesia {unknown}
 M - a scroll of enchant armour {unknown}
Potions
 q - a potion of ambrosia {unknown}
 w - a potion of mutation {unknown}
 z - a potion of brilliance {unknown}
 H - a potion of haste
 J - a potion of curing
 K - a potion of degeneration {unknown}
 N - a potion of berserk rage {unknown}
 Q - a potion of cure mutation {unknown}
 R - a potion of agility {unknown}
Books
 y - a book of Maledictions

   Spells                             Type                      Level
   a - Corona                         Hexes                        1
   b - Ensorcelled Hibernation        Hexes/Ice                    2
   c - Confuse                        Hexes                        3
   d - Tukima's Dance                 Hexes                        3
   e - Dazzling Spray                 Conjuration/Hexes            3
 O - a book of Misfortune

   Spells                             Type                      Level
   a - Confusing Touch                Hexes                        1
   b - Confuse                        Hexes                        3
   c - Gell's Gravitas                Hexes/Translocation          3
   d - Petrify                        Transmutation/Earth          4
   e - Metabolic Englaciation         Hexes/Ice                    5
   f - Yara's Violent Unravelling     Hexes/Transmutation          5
Comestibles
 f - 7 bread rations {@e1}
 g - 17 fruits
 h - 7 slices of pizza
 i - 8 meat rations {@e2}
 u - a beef jerky


   Skills:
 - Level 7.4(6.2) Fighting
 - Level 12.0(10.6) Long Blades
 * Level 14.4(12.9) Bows
 - Level 5.7(4.5) Armour
 - Level 3.6(2.5) Shields


You had 10 spell levels left.
You didn't know any spells.

Dungeon Overview and Level Annotations

Branches:
Dungeon (11/15)            Temple (0/1) D:4
   Lair: D:8-11         Orc: D:9-12

Altars:
Cheibriados
Dithmenos
Elyvilon
Hepliaklqana
Makhleb
Nemelex Xobeh
Okawaru
The Shining One

Shops:
D:4 [(   D:7 ?

Annotations:
D:11 Josephine


Innate Abilities, Weirdness & Mutations

You reflexively headbutt those who attack you in melee.
You have a pair of horns on your head.


Message History

You feel as though you will be slow longer.
Josephine barely misses you.
You take 9 damage, and have 12/92 hp.
Firing (i - inventory):
E - 191 arrows (quivered)
Press: ? - help, Shift-Dir - straight line, f/p - Josephine
Aim: Josephine, wielding a dagger and wearing a glowing robe (heavily wounded)
You shoot an arrow.
The arrow hits Josephine but does no damage.
Josephine is heavily wounded.
The wraith hits you!
* * * LOW HITPOINT WARNING * * *
Josephine hits you but does no damage.
You take 10 damage, and have 2/92 hp.
Firing (i - inventory):
E - 190 arrows (quivered)
Press: ? - help, Shift-Dir - straight line, f/p - Josephine
Aim: Josephine, wielding a dagger and wearing a glowing robe (heavily wounded)
You shoot an arrow. The arrow hits Josephine!
The arrow freezes Josephine.
Josephine is severely wounded.
The wraith hits you but does no damage. Josephine hits you with a dagger.
You die...

▒··(▒ ▒▒▒(▒ ╬?▒(▒ ··▒
▒▒▒(▒ ··▒ ·· ▒·o· ··▒
· ··· ▒··▒▒▒··▒▒▒··
···▒▒▒▒▒▒▒·>·····(····
▒·····$···@W(·(((···
▒·········@······▒
·▒···········<··▒▒▒
················▒
··▒·············▒
············▒▒▒··▒
·▒▒▒▒▒·····▒▒ ▒····
▒·▒·····▒ ·····
▒·▒····▒▒ ▒··▒▒▒
▒······▒ ▒··▒


You could see Josephine, a wraith and an orc.

Vanquished Creatures
  A hydra (D:9)
  A deep troll earth mage (D:10)
  2 ugly things
  A troll (D:8)
  2 two-headed ogres
  The ghost of Azzok the Archer, an amateur CeHu (D:3)
  2 hippogriffs
  2 dream sheep (D:9)
  Sigmund (D:3)
  13 yaks
  2 wraiths
  A hungry ghost (D:8)
  4 sky beasts
  4 ice beasts
  4 orc warriors
  A phantom (D:9)
  A black bear (D:8)
  4 ogres
  7 centaurs
  4 big kobolds (D:9)
  6 bullfrogs
  2 scorpions
  17 killer bees
  A howler monkey (D:6)
  7 crimson imps
  A centaur zombie (D:5)
  2 hounds
  A quasit (D:10)
  3 bullfrog skeletons
  5 iguanas
  2 orc priests
  9 orc wizards
  4 jellies
  Ijyb (D:3)
  Terence (D:2)
  Natasha (twice) (D:4)
  5 worker ants
  A howler monkey zombie (D:10)
  A worker ant zombie (D:10)
  13 adders
  3 shadow imps
  An ooze (D:2)
  An adder skeleton (D:5)
  2 dart slugs (D:1)
  7 leopard geckos
  33 orcs
  3 ball pythons
  6 bats
  5 giant cockroaches
  11 goblins
  9 hobgoblins
  9 jackals
  6 quokkas
  9 frilled lizards
  A jackal skeleton (D:8)
  7 kobolds
  A quokka skeleton (D:7)
  13 rats
269 creatures vanquished.

Notes
Turn   | Place    | Note
-------+----------+-------------------------------------------
     0 | D:1      | Azzok the Minotaur Fighter began the quest for the Orb.
     0 | D:1      | Reached XP level 1. HP: 19/19 MP: 0/0
   190 | D:1      | Reached XP level 2. HP: 21/26 MP: 1/1
   510 | D:1      | Reached XP level 3. HP: 31/31 MP: 2/2
   902 | D:2      | Found a snail-covered altar of Cheibriados.
   939 | D:2      | Found a white marble altar of Elyvilon.
  1086 | D:2      | Found a shadowy altar of Dithmenos.
  1114 | D:2      | Reached skill level 5 in Long Blades
  1217 | D:2      | Reached XP level 4. HP: 39/39 MP: 3/3
  1242 | D:2      | Noticed Terence
  1254 | D:2      | Killed Terence
  1484 | D:3      | Noticed Azzok's ghost (amateur CeHu)
  1500 | D:3      | Killed Azzok's ghost
  1500 | D:3      | Reached XP level 5. HP: 6/45 MP: 4/4
  1500 | D:3      | Reached XP level 6. HP: 7/51 MP: 5/5
  2397 | D:3      | Noticed Sigmund
  2407 | D:3      | Killed Sigmund
  2407 | D:3      | Reached XP level 7. HP: 57/57 MP: 6/6
  2457 | D:3      | Found an iron altar of Okawaru.
  2467 | D:3      | Became a worshipper of Warmaster Okawaru
  2616 | D:3      | Noticed Ijyb
  2620 | D:3      | Killed Ijyb
  2620 | D:3      | Reached skill level 10 in Long Blades
  2813 | D:4      | Found Zuomyclo's Weapon Shop.
  2934 | D:4      | Noticed Natasha
  2949 | D:4      | Killed Natasha
  3338 | D:4      | Noticed Natasha
  3345 | D:4      | Killed Natasha
  3397 | D:4      | Found Voeplela's Armour Shop.
  3419 | D:4      | Found a staircase to the Ecumenical Temple.
  3494 | D:5      | Entered Level 5 of the Dungeon
  3551 | D:5      | Found a sparkling altar of Nemelex Xobeh.
  3662 | D:5      | Reached XP level 8. HP: 64/64 MP: 7/7
  3936 | D:5      | Reached * piety under Okawaru
  4132 | D:5      | Found a hazy altar of Hepliaklqana.
  5275 | D:6      | Reached skill level 5 in Fighting
  5458 | D:6      | HP: 3/70 [orc priest/divine providence (16)]
  6109 | D:6      | Found a glowing golden altar of the Shining One.
  6294 | D:7      | Reached skill level 5 in Armour
  6371 | D:7      | Noticed a two-headed ogre
  6380 | D:7      | Killed a two-headed ogre
  6380 | D:7      | Reached XP level 9. HP: 68/78 MP: 5/8
  6521 | D:7      | Found Toaryif's Magic Scroll Boutique.
  6528 | D:7      | Reached skill level 1 in Bows
  6534 | D:7      | Bought a scroll of identify for 30 gold pieces
  6549 | D:7      | Found a burning altar of Makhleb.
  6589 | D:7      | Reached skill level 2 in Bows
  6621 | D:7      | Reached ** piety under Okawaru
  6632 | D:7      | Reached skill level 3 in Bows
  6650 | D:7      | Reached skill level 4 in Bows
  7081 | D:8      | Reached skill level 5 in Bows
  7277 | D:8      | Reached skill level 6 in Bows
  7915 | D:8      | Reached skill level 7 in Bows
  8026 | D:8      | Noticed a troll
  8042 | D:8      | Killed a troll
  8042 | D:8      | Reached skill level 8 in Bows
  8304 | D:8      | Reached *** piety under Okawaru
  8354 | D:8      | Reached XP level 10. HP: 46/86 MP: 6/9
  8751 | D:8      | Reached skill level 9 in Bows
  9188 | D:9      | Reached skill level 10 in Bows
  9347 | D:9      | Noticed a three-headed hydra
  9353 | D:9      | Killed a one-headed hydra
  9353 | D:9      | Reached **** piety under Okawaru
  9353 | D:9      | Reached skill level 11 in Bows
  9519 | D:9      | Received a gift from Okawaru
  9583 | D:9      | Noticed a red ugly thing
  9615 | D:9      | Killed a brown ugly thing
  9615 | D:9      | Reached skill level 12 in Bows
 10134 | D:9      | Received a gift from Okawaru
 10681 | D:9      | Reached XP level 11. HP: 77/92 MP: 7/10
 10698 | D:9      | Received a gift from Okawaru
 10698 | D:9      | Reached skill level 13 in Bows
 10993 | D:10     | Entered Level 10 of the Dungeon
 11245 | D:10     | Noticed a deep troll earth mage
 11253 | D:10     | Killed a deep troll earth mage
 11253 | D:10     | Reached ***** piety under Okawaru
 11843 | D:10     | Reached skill level 14 in Bows
 12125 | D:10     | Got a jewelled rapier
 12126 | D:10     | Identified the +4 rapier "Fegulloh" {flame, Dex+7} (You found it on level 10 of the Dungeon)
 12143 | D:11     | Noticed Josephine
 12149 | D:10     | Received a gift from Okawaru
 12199 | D:11     | Noticed a red ugly thing
 12207 | D:11     | Killed a red ugly thing
 12664 | D:11     | HP: 2/92 [wraith[Josephine] (10)]
 12665 | D:11     | Slain by Josephine

Skill      XL: |  1  2  3  4  5  6  7  8  9 10 11 |
---------------+----------------------------------+-----
Long Blades    | 3 4 5 7 9 11 12 | 12.0
Fighting       | 6 7 |  7.4
Armour         | 5 |  5.7
Bows           | 8 12 14 | 14.4
Shields        | |  3.6

Action                   |  1- 3 |  4- 6 |  7- 9 | 10-12 || total
-------------------------+-------+-------+-------+-------++-------
Melee: Long sword        |   115 |   104 |   421 |   365 ||  1005
       Headbutt          |    13 |    23 |    67 |    72 ||   175
       Falchion          |       |       |       |     4 ||     4
 Fire: Shortbow          |       |       |       |    25 ||    25
Invok: Heroism           |       |       |     4 |     3 ||     7
  Use: Potion            |       |     1 |     4 |     3 ||     8
       Scroll            |       |       |     5 |     1 ||     6
  Eat: Chunk             |     1 |     4 |    21 |    15 ||    41
Armor: Scale mail        |    52 |     3 |       |       ||    55
       Chain mail        |       |    42 |    97 |       ||   139
       Skin              |       |       |    34 |       ||    34
       Plate armour      |       |       |   115 |   170 ||   285
Dodge: Dodged            |    33 |    34 |    63 |    44 ||   174
Block: Shield            |    66 |    57 |   214 |   136 ||   473
       Rpst.: Long sword |     8 |     9 |    13 |    12 ||    42
